 Dungeon Crawl Stone Soup version 0.31-a0-1620-gcbf77bbcfc (webtiles) character file.

Game seed: 7975482628823853567

567 Laraso the Slasher (level 7, 59/59 HPs)
             Began as a Grey Draconian Monk on Jan 11, 2024.
             Quit the game on level 5 of the Dungeon.
             The game lasted 00:06:17 (3396 turns).

Laraso the Slasher (Grey Draconian Monk)            Turns: 3396, Time: 00:06:18

Health: 59/59      AC: 14    Str: 13      XL:     7   Next: 11%
Magic:  7/7        EV: 12    Int: 11      God:
Gold:   226        SH:  0    Dex: 14 (15) Spells: 6/6 levels left

rFire   . . .        a - +1 falchion
rCold   . . .        c - orb {light}
rNeg    . . .        (body armour unavailable)
rPois   .            (helmet restricted)
rElec   .            s - scarf {repulsion}
rCorr   .            e - +2 pair of gloves "Zantoha" {Will++}
SInv    .            (no boots)
Will    ++...        (no amulet)
Stlth   +            l - ring of wizardry
HPRegen 0.29/turn    (no ring)
MPRegen 0.10/turn

%: repel missiles, wizardry (x1)
@: glowing
A: AC +11, amphibious, unfitting armour, cold-blooded
a: no special abilities


You were on level 5 of the Dungeon.
You visited 1 branch of the dungeon, and saw 5 of its levels.

You collected 226 gold pieces.

Inventory:

Hand Weapons
 a - a +1 falchion (weapon)
Missiles
 h - 5 poisoned darts (quivered)
Armour
 c - an orb of light (worn)
 e - the +2 pair of gloves "Zantoha" (worn) {Will++}
   (You acquired it on level 3 of the Dungeon)

   Will++:    It greatly increases your willpower.
 s - a scarf of repulsion (worn)
Jewellery
 l - a ring of wizardry (left hand)
Wands
 k - a wand of mindburst (15)
Scrolls
 d - a scroll of noise
 f - a scroll of torment {unknown}
 g - a scroll of teleportation
 m - a scroll of fog {unknown}
 o - a scroll of amnesia
 q - a scroll of poison {unknown}
 t - a scroll of enchant weapon
Potions
 b - a potion of ambrosia
 i - 2 potions of curing
 j - a potion of invisibility {unknown}
 n - 2 potions of might
 p - a potion of magic {unknown}
 r - a potion of brilliance {unknown}


   Skills:
 * Level 4.2 Fighting
 - Level 7.0 Long Blades
 - Level 3.0 Throwing
 - Level 2.6 Dodging


You had 6 spell levels left.
You didn't know any spells.
Your spell library contained the following spells:

 Spells                   Type           Power      Damage    Failure   Level
 Jinxbite                 Hex            0%         N/A       21%         2
 Hailstorm                Conj/Ice       0%         3d5       38%         3
 Summon Ice Beast         Ice/Summ       0%         N/A       38%         3
 Yara's Violent Unravell  Hex/Alch       0%         3d3       98%         5
 Sculpt Simulacrum        Ice/Alch       0%         N/A       100%        6
 Enfeeble                 Hex            0%         N/A       100%        7


Dungeon Overview and Level Annotations

Branches:
Dungeon (5/15)
 Temple: D:4-7

Altars:
Cheibriados
Fedhas
Ru
Wu Jian
Zin

Shops:
D:3 [

Annotations:
D:2 Terence


Innate Abilities, Weirdness & Mutations

Your dull iron-grey scales are very hard. (AC +11)
You are amphibious.
You cannot fit into any form of body armour.
You are cold-blooded and may be slowed by cold attacks.


Message History

You slash the shadow imp!
You kill the shadow imp!
No target in view!
No target in view!
HP restored.
You see here a +0 ring mail.
You open the door.
There is an open door here.
There is an open door here.
You see here a +0 dagger.
A water moccasin comes into view.
The water moccasin hisses angrily.
A water moccasin is nearby!
A water moccasin is nearby!
Aiming: Mindburst
Press: ? - help, Shift-Dir - straight line, f - water moccasin
Aim: a water moccasin (chance to affect: 64%)
The water moccasin's mind is blasted!
Aiming: Mindburst
Press: ? - help, Shift-Dir - straight line, f/p - water moccasin
Aim: a water moccasin (heavily wounded, chance to affect: 64%)
The water moccasin struggles to resist.
Aiming: Mindburst
Press: ? - help, Shift-Dir - straight line, f/p - water moccasin
Aim: a water moccasin (heavily wounded, haloed, chance to affect: 64%)
The water moccasin's mind is blasted!
Unknown command.
Unknown command.
You barely miss the water moccasin. You tail-slap the water moccasin.
You kill the water moccasin!
You feel your strength returning.
Training target 3.0 for Throwing reached!
Your Throwing skill increases to level 3!
You need to enable at least one skill for training.
Your Fighting skill increases to level 4!
You have reached level 7!
Your scales start taking on a dull iron-grey colour.
You learn Air Magic much slower.
You learn Earth Magic much quicker.
Unknown command.
Are you sure you want to abandon this character and quit the game? (Confirm with "yes".)

### ###### #
..######+###....##.####.
....#.....#.....@.......
....#.....#.............
....#.....#..§§.........
....#...........§.......
....#.......§≈§§≈≈≈.....
###.######.≈≈≈≈≈≈...####
.##.####...≈≈_..§.8.#
..†<...#...§≈≈≈≈§§§..
.......#..§§§≈§≈≈≈§.


There were no monsters in sight!

Vanquished Creatures
  A water moccasin (D:5)
  An orc priest (D:3)
  2 hounds
  Jessica (D:2)
  Natasha (thrice) (D:2)
  2 iguanas
  An orc wizard (D:3)
  5 adders
  4 gnolls (D:4)
  A shadow imp (D:5)
  3 ribbon worms
  A dart slug (D:1)
  7 orcs
  3 bats
  6 endoplasms
  4 giant cockroaches
  9 hobgoblins
  10 jackals
  7 kobolds
  4 quokkas
  5 ball pythons
  5 frilled lizards
  8 goblins
  5 rats
98 creatures vanquished.

Notes
Turn   | Place    | Note
-------+----------+-------------------------------------------
     0 | D:1      | Laraso the Draconian Monk began the quest for the Orb.
     0 | D:1      | Reached XP level 1. HP: 19/19 MP: 1/1
    67 | D:1      | Reached XP level 2. HP: 26/26 MP: 2/2
   305 | D:1      | Reached skill level 4 in Long Blades
   448 | D:1      | Reached XP level 3. HP: 30/31 MP: 3/3
   703 | D:2      | Noticed Natasha
   708 | D:2      | Killed Natasha
   725 | D:2      | Reached XP level 4. HP: 32/38 MP: 4/4
   770 | D:2      | Reached skill level 5 in Long Blades
   771 | D:2      | Noticed Jessica
   789 | D:2      | Killed Jessica
   842 | D:2      | Noticed Natasha
   853 | D:2      | Killed Natasha
   907 | D:2      | Noticed Natasha
   921 | D:2      | Killed Natasha
   922 | D:2      | Reached XP level 5. HP: 36/45 MP: 5/5
  1324 | D:2      | Reached skill level 6 in Long Blades
  1338 | D:2      | Noticed Terence
  1614 | D:3      | Identified the +5 short sword "Acrotudgh" {flame, ^Drain
                  | rPois rC- Int+9}
  1998 | D:3      | Found Lytief's Armour Shoppe.
  2149 | D:3      | Identified a scroll of acquirement
  2149 | D:3      | Acquired the +2 pair of gloves "Zantoha" {Will++}
  2180 | D:3      | Reached XP level 6. HP: 51/51 MP: 6/6
  2190 | D:3      | Found an ornate altar of the Wu Jian Council.
  2191 | D:3      | Found a snail-covered altar of Cheibriados.
  2192 | D:3      | Found a sacrificial altar of Ru.
  2193 | D:3      | Found a glowing silver altar of Zin.
  2707 | D:4      | Reached skill level 7 in Long Blades
  2901 | D:4      | Reached skill level 1 in Throwing
  3276 | D:5      | Entered Level 5 of the Dungeon
  3298 | D:5      | Found a blossoming altar of Fedhas.
  3391 | D:5      | Noticed a water moccasin
  3395 | D:5      | Killed a water moccasin
  3396 | D:5      | Your scales start taking on a dull iron-grey colour.
  3396 | D:5      | Reached XP level 7. HP: 59/59 MP: 7/7
  3396 | D:5      | Quit the game

Illustrated notes

Levels and vault maps discovered:
D:1:      onia_arrival_pyramid, layout_loops_ring
D:2:      layout_basic, uniq_jessica, uniq_terence, uniq_natasha
D:3:      layout_basic, minitemple, serial_shops,
          nicolae_shop_pleasant_corner_grove, kennysheep_boxes
D:4:      layout_basic
D:5:      layout_gridville, nicolae_overflow_crystal_walls,
          mainiacjoe_overflow_catwalk, minmay_temple_entry_slanted

Skill      XL: |  1  2  3  4  5  6 |
---------------+-------------------+-----
Long Blades    | 4 5 6 7 |  7.0
Throwing       | 3 |  3.0
Fighting       | 4 |  4.2
Dodging        | |  2.6

Action                     |  1- 3 |  4- 6 |  7- 9 || total
---------------------------+-------+-------+-------++-------
  Melee: Falchion          |    68 |   180 |       ||   248
         Tailslap          |     7 |    38 |       ||    45
  Evoke: Wand              |       |     3 |       ||     3
    Use: Scroll            |       |     8 |       ||     8
         Potion            |       |     2 |       ||     2
 Armour: Skin              |    34 |    85 |       ||   119
  Dodge: Dodged            |    57 |    98 |       ||   155

Table legend: (Time is in decaauts)
 A = Elapsed time spent in this place.
 B = Non-inter-level travel time spent in this place.
 C = Inter-level travel time spent in this place.
 D = Time resting spent in this place.
 E = Time spent auto-exploring this place.
 F = Levels seen in this place.
 G = Mean time per level.
                   A        B        C        D        E       F      G
               +--------+--------+--------+--------+--------+-----+--------+
         Total |   3406 |   3198 |    208 |    304 |   2083 |   5 |  681.2 |
       Dungeon |   3406 |   3198 |    208 |    304 |   2083 |   5 |  681.2 |
               +--------+--------+--------+--------+--------+-----+--------+

Top non-repeatable levels by time:
     D:3: 1042 daAuts
     D:2: 866 daAuts
     D:1: 716 daAuts
     D:4: 662 daAuts
     D:5: 118 daAuts
